 Dungeon Crawl Stone Soup version 0.27-a0-346-ga689d4a613 (webtiles) character file.

Game seed: 10354443619484621340

1041 sideus8 the Cleaver (level 8, -2/68 HPs)
             Began as a Hill Orc Fighter on Feb 15, 2021.
             Was a Follower of Beogh.
             Slain by an orc warrior
             ... wielding a +0 halberd
              (11 damage)
             ... in a bailey.
             The game lasted 00:11:15 (5906 turns).

sideus8 the Cleaver (Hill Orc Fighter)              Turns: 5906, Time: 00:11:16

Health: -2/68      AC: 14    Str: 21    XL:     8   Next: 25%
Magic:  7/7        EV:  8    Int:  8    God:    Beogh [*.....]
Gold:   75         SH: 10    Dex: 10    Spells: 7/7 levels left

rFire    . . .     SeeInvis .   a - +0 war axe (protect)
rCold    . . .     Faith    .   c - +0 kite shield
rNeg     . . .     Spirit   .   b - +0 scale mail
rPois    +         Reflect  .   (helmet restricted)
rElec    .         Harm     .   t - scarf {shadows}
rCorr    .         Rampage  .   (no gloves)
Will     .....                  (no boots)
Stlth    ..........             (no amulet)
HPRegen  0.21/turn              u - ring of poison resistance
MPRegen  0.10/turn              (no ring)

@: protection aura, hasted, very quick
A: horns 1, low mp 1
a: Renounce Religion


You were in a bailey.
You worshipped Beogh.
Beogh was aware of your devotion.
You visited 2 branches of the dungeon, and saw 8 of its levels.
You also visited: Bailey.

You collected 405 gold pieces.
You spent 330 gold pieces at shops.

Inventory:

Hand Weapons
 a - a +0 war axe of protection (weapon)
 m - a +1 vorpal morningstar
Missiles
 p - 8 boomerangs (quivered)
Armour
 b - a +0 scale mail (worn)
 c - a +0 kite shield (worn)
 n - a +0 helmet
 t - a scarf of shadows (worn)
Jewellery
 u - a ring of poison resistance (left hand)
Scrolls
 e - a scroll of fog
 g - a scroll of identify
 h - a scroll of fear
 k - a scroll of enchant armour
 q - 5 scrolls of teleportation
 r - a scroll of immolation
 v - a scroll of random uselessness
 x - a scroll of amnesia
 y - a scroll of enchant weapon {unknown}
Potions
 f - 2 potions of attraction
 j - a potion of resistance
 l - 10 potions of degeneration
 o - 2 potions of curing
 w - 2 potions of brilliance
 z - a potion of magic {unknown}


   Skills:
 + Level 5.2 Fighting
 + Level 8.0 Axes
 + Level 5.7 Armour
 + Level 1.1 Dodging
 + Level 0.2 Stealth
 + Level 6.0 Shields


You had 7 spell levels left.
You didn't know any spells.
Your spell library contained the following spells:

 Spells                   Type           Power        Failure   Level
 Animate Skeleton         Necr           0%           98%         1
 Apportation              Tloc           0%           98%         1
 Corona                   Hex            0%           98%         1
 Summon Small Mammal      Summ           0%           98%         1


Dungeon Overview and Level Annotations

Branches:
Dungeon (7/15)             Temple (1/1) D:4          Bailey (1/1)

Altars:
Cheibriados
Dithmenos
Elyvilon
Fedhas
Gozag
Kikubaaqudgha
Nemelex Xobeh
Okawaru
Ru
Sif Muna
Trog
Uskayaw
Vehumet
Xom
Yredelemnul
Zin
The Shining One

Shops:
D:5 ?([*


Innate Abilities, Weirdness & Mutations

You have a pair of small horns on your head.
Your magical capacity is low. (-10% MP)


Message History

There is a gate leading back out of this place here.
An orc comes into view. It is wielding a +0 spear.
The orc shouts!
You hear a shout!
The orc hits you but does no damage.
An orc comes into view. It is wielding a +0 halberd.
The orc hits you but does no damage. The orc warrior barely misses you.
The orc hits you from afar with a +0 spear.
You block the orc's attack.
The orc hits you from afar with a +0 halberd!
You block the orc's attack. You block the orc's attack.
The orc hits you from afar with a +0 halberd!
* * * LOW HITPOINT WARNING * * *
You block the orc's attack.
It was a potion of cancellation.
You feel magically purged.
You feel better.
You feel yourself speed up.
The orc warrior hits you from afar with a +0 halberd!!
* * * LOW HITPOINT WARNING * * *
As you read the scroll of fear, it crumbles to dust.
You assume a fearsome visage.
The orc looks frightened!
The orc warrior looks frightened! x2
Your shield and scale mail prevent you from hitting the orc warrior.
Your headbutt misses the orc warrior.
You strike the helpless orc warrior from behind!
You hit the orc warrior but do no damage.
Your weapon exudes an aura of protection.
Your attack snaps the orc warrior out of its fear.
Your headbutt misses the orc warrior.
The orc warrior hits you with a +0 halberd.
* * * LOW HITPOINT WARNING * * *
You hit the orc warrior but do no damage.
The orc warrior barely misses you.
The orc warrior hits you but does no damage.
You closely miss the orc warrior. You hit the orc warrior.
Your headbutt misses the orc warrior.
The orc warrior is lightly wounded.
The orc warrior hits you with a +0 halberd!
You die...
Beogh appreciates the orc warrior's killing of a heretic priest.

########### ### ##.........##
####∩# ##..≈≈≈≈≈≈≈..#######..∩##
##..≈≈...@.≈≈...##...####
########..≈≈..###o.≈..##.########
.........≈≈..## ##...##.........#
≈≈≈≈≈≈≈≈≈≈o.## #######≈≈≈≈≈≈≈.#
≈.oo.......## #####..≈.#
≈.########## #####.≈.# ≈.##...
$.##.≈.# ≈..##... ##..≈.#
≈≈..##.# ##..≈≈.#


You could see an orc warrior.

Vanquished Creatures
  A sky beast (D:6)
  An ogre (D:4)
  A bullfrog (D:7)
  2 scorpions (D:4)
  A howler monkey (D:4)
  A quasit (D:6)
  5 hounds
  An orc priest (D:7)
  A centaur skeleton (D:4)
  A bullfrog skeleton (D:6)
  An orc wizard (D:4)
  2 worker ants
  A hound zombie (D:7)
  A worker ant zombie (D:5)
  12 gnolls
  5 adders
  3 white imps
  An adder skeleton (D:4)
  2 worms
  4 dart slugs
  5 leopard geckos
  9 orcs
  9 bats
  5 giant cockroaches
  12 goblins
  11 hobgoblins
  3 jackals (D:2)
  8 kobolds
  5 quokkas
  A jackal skeleton (D:5)
  13 rats
128 creatures vanquished.

Vanquished Creatures (others)
  2 fungi (D:3)
  2 plants (D:3)
4 creatures vanquished.

Grand Total: 132 creatures vanquished

Notes
Turn   | Place    | Note
-------+----------+-------------------------------------------
     0 | D:1      | sideus8 the Hill Orc Fighter began the quest for the Orb.
     0 | D:1      | Reached XP level 1. HP: 19/19 MP: 1/1
   137 | D:1      | Reached XP level 2. HP: 22/27 MP: 2/2
   549 | D:1      | Reached XP level 3. HP: 33/33 MP: 3/3
   617 | D:1      | Reached skill level 3 in Axes
  1237 | D:2      | Reached XP level 4. HP: 36/40 MP: 4/4
  1348 | D:2      | Found a shimmering altar of Xom.
  1602 | D:2      | Found a shimmering blue altar of Sif Muna.
  1670 | D:2      | Found a bloodstained altar of Trog.
  2229 | D:3      | Found a sacrificial altar of Ru.
  2418 | D:3      | Reached skill level 4 in Axes
  2420 | D:3      | Reached XP level 5. HP: 40/46 MP: 5/5
  2910 | D:4      | Noticed an ogre
  2919 | D:4      | Killed an ogre
  2920 | D:4      | Reached skill level 5 in Axes
  2920 | D:4      | Reached XP level 6. HP: 9/53 MP: 6/6
  3376 | D:4      | Reached skill level 6 in Axes
  3386 | D:4      | Reached skill level 5 in Armour
  3575 | D:4      | Found a staircase to the Ecumenical Temple.
  3582 | D:4      | Reached XP level 7. HP: 53/60 MP: 7/7
  3604 | Temple   | Entered the Ecumenical Temple
  4293 | D:5      | Entered Level 5 of the Dungeon
  4316 | D:5      | Found Dehatu Wami's Magic Scroll Shoppe.
  4319 | D:5      | Bought a scroll of identify for 22 gold pieces
  4319 | D:5      | Bought a scroll of brand weapon for 220 gold pieces
  4319 | D:5      | Bought a scroll of identify for 22 gold pieces
  4319 | D:5      | Bought a scroll of identify for 22 gold pieces
  4319 | D:5      | Bought 2 scrolls of identify for 44 gold pieces
  4368 | D:5      | Reached skill level 5 in Shields
  4468 | D:5      | Gained mutation: Your magical capacity is low. (-10% MP)
                  | [potion of mutation]
  4468 | D:5      | Gained mutation: You have a pair of small horns on your
                  | head. [potion of mutation]
  4502 | D:5      | Found Iguh Ketz's Antique Weapon Boutique.
  4751 | D:5      | Found Etudoor's Armour Shoppe.
  4860 | D:5      | Reached skill level 7 in Axes
  4864 | D:5      | Found Giluyng's Assorted Antiques.
  5211 | D:6      | Became a worshipper of Beogh the Brigand
  5359 | D:6      | Reached skill level 5 in Fighting
  5390 | D:6      | Reached skill level 1 in Dodging
  5390 | D:6      | Reached XP level 8. HP: 68/68 MP: 7/7
  5676 | D:7      | Reached skill level 8 in Axes
  5715 | D:7      | Found a flagged portal.
  5724 | D:7      | Reached * piety under Beogh
  5794 | Bailey   | Entered a bailey
  5859 | Bailey   | Noticed an orc knight
  5906 | Bailey   | Slain by an orc warrior

Illustrated notes

Levels and vault maps discovered:
D:1:      eino_arrival_druids_welcome, layout_loops_cross, item_on_display_a
D:2:      layout_basic, tgw_xom, old_standard_altar, trog_book
D:3:      layout_loops_ring, nicolae_ru_the_path_less_chosen,
          minmay_goblin_kobold_house
D:4:      layout_rooms, minmay_temple_entry_statues_fountains
D:5:      layout_basic, serial_shops, shop, nicolae_shop_overgrown_old_shop,
          shop, kennysheep_mini_moat, amcnicky_mini_pool_small
D:6:      layout_rooms, serial_shops, nicolae_shop_statue_plus,
          grunt_ministairs_7, hex_medium
D:7:      layout_loops_cross, enter_bailey_7, grunt_ministairs_10
Temple:   dpeg_chambers_temple
Bailey:   bailey_polearm_1, bailey

Skill      XL: |  1  2  3  4  5  6  7  8 |
---------------+-------------------------+-----
Axes           | 3 4 5 6 7 8 |  8.0
Fighting       | 4 5 |  5.2
Shields        | 4 5 6 |  6.0
Armour         | 4 5 |  5.7
Dodging        | 1 |  1.1
Stealth        | |  0.2

Action                   |  1- 3 |  4- 6 |  7- 9 || total
-------------------------+-------+-------+-------++-------
Melee: War axe           |   103 |   207 |   137 ||   447
       Headbutt          |       |       |    17 ||    17
Invok: Convert to Beogh  |       |       |     1 ||     1
  Use: Potion            |       |     1 |     8 ||     9
       Scroll            |       |     6 |     9 ||    15
 Stab: Fleeing           |       |       |     1 ||     1
Armor: Scale mail        |    53 |   135 |    86 ||   274
Dodge: Dodged            |    32 |    75 |    73 ||   180
Block: Kite shield       |    54 |   146 |   117 ||   317

Table legend: (Time is in decaauts)
 A = Elapsed time spent in this place.
 B = Non-inter-level travel time spent in this place.
 C = Inter-level travel time spent in this place.
 D = Time resting spent in this place.
 E = Time spent auto-exploring this place.
 F = Levels seen in this place.
 G = Mean time per level.
                   A        B        C        D        E       F      G
               +--------+--------+--------+--------+--------+-----+--------+
         Total |   6110 |   6110 |      0 |    300 |   3818 |   9 |  678.9 |
       Dungeon |   5567 |   5567 |      0 |    300 |   3417 |   7 |  795.3 |
        Temple |    433 |    433 |      0 |      0 |    401 |   1 |  433.0 |
        Bailey |    108 |    108 |      0 |      0 |      0 |   1 |  108.0 |
               +--------+--------+--------+--------+--------+-----+--------+

Top non-repeatable levels by time:
     D:2: 1118 daAuts
     D:4: 984 daAuts
     D:1: 975 daAuts
     D:3: 951 daAuts
     D:5: 916 daAuts
  Temple: 433 daAuts
     D:7: 408 daAuts
     D:6: 212 daAuts
  Bailey: 108 daAuts
